 Dungeon Crawl Stone Soup version 0.15-a0-1293-g4a08026 (webtiles) character file.

1689 Amnesiac the Unseen (level 8, -1/52 HPs)
             Began as a Vampire Enchanter on June 6, 2014.
             Was an Initiate of Dithmenos.
             Slain by an orc
             ... wielding a +0,+0 mace
              (11 damage)
             ... on Level 7 of the Dungeon.
             The game lasted 00:16:36 (6482 turns).

Amnesiac the Unseen (Vampire Enchanter)             Turns: 6482, Time: 00:16:36

HP  -1/52        AC  3     Str  7      XL: 8   Next: 72%
MP   1/13        EV 13     Int 17      God: Dithmenos [......]
Gold 310         SH  0     Dex 16      Spells:  4 memorised,  2 levels left

rFire  . . .     SeeInvis +     a - +2,+1 dagger
rCold  . . .     Clarity  .     b - +1 robe (curse)
rNeg   + . .     rCorr    .     (no shield)
rPois  .         rRot     .     (no helmet)
rElec  .         Spirit   .     (no cloak)
SustAb .         Warding  .     (no gloves)
rMut   .         Stasis   .     (no boots)
Gourm  .                        n - amulet of rage
MR     .....                    (no ring)
                                (no ring)

@: very slightly contaminated, not resistant to hostile enchantments, extremely
stealthy
A: bottle blood, fangs 3, see invisible, unbreathing
a: Bat Form, Bottle Blood, Renounce Religion, Evoke Berserk Rage


You were on level 7 of the Dungeon.
You worshipped Dithmenos.
Dithmenos was noncommittal.
You were not thirsty.

You visited 2 branches of the dungeon, and saw 8 of its levels.

You collected 310 gold pieces.

Inventory:

Hand weapons
 a - a +2,+1 dagger (weapon)
Missiles
 d - 3 curare-tipped needles
 j - 3 throwing nets (quivered)
 B - 15 poisoned needles
Armour
 b - a cursed +1 robe (worn)
Magical devices
 e - a wand of slowing (11)
 s - a wand of digging (9) {unknown}
 v - a wand of frost (11) {unknown}
Scrolls
 g - a scroll of recharging
 i - 2 scrolls of blinking {unknown}
 k - 3 scrolls of identify
 l - a scroll of random uselessness
 q - a scroll of torment {unknown}
 r - a scroll of summoning {unknown}
 u - a scroll of fear {unknown}
 y - 2 scrolls of teleportation {unknown}
Jewellery
 n - an amulet of rage (around neck)
Potions
 f - 3 potions of heal wounds {unknown}
 h - 5 potions of blood
 m - 3 potions of curing
 o - a potion of invisibility {unknown}
 p - 2 potions of mutation {unknown}
 t - a potion of magic {unknown}
 w - 2 potions of coagulated blood
 x - 2 potions of cure mutation {unknown}
 z - a potion of paralysis {unknown}
 A - a potion of restore abilities {unknown}
Books
 c - a book of Maledictions

   Spells                             Type                      Level
   *Corona                            Hexes                        1
   Sure Blade                         Hexes/Charms                 2
   *Ensorcelled Hibernation           Hexes/Ice                    2
   *Confuse                           Hexes                        3
   *Dazzling Spray                    Conjuration/Hexes            3
   Enslavement                        Hexes                        4


   Skills:
 - Level 1.1 Short Blades
 - Level 2.1 Dodging
 + Level 16.5 Stealth
 - Level 2.0 Spellcasting
 - Level 4.4 Hexes


You had 2 spell levels left.
You knew the following spells:

 Your Spells              Type           Power        Failure   Level  Hunger
a - Corona                Hex            ###....      3%          1    #......
e - Dazzling Spray        Conj/Hex       #.......     24%         3    ####...
f - Confuse               Hex            ###.....     12%         3    ####...
z - Ensorcelled Hibernat  Hex/Ice        #.....       14%         2    ###....


Dungeon Overview and Level Annotations

Branches:
Dungeon (7/15)             Temple (1/1) D:7

Altars:
Ashenzari
Cheibriados
Dithmenos
Elyvilon
Fedhas
Gozag
Kikubaaqudgha
Makhleb
Qazlal
Sif Muna
Trog
Vehumet
Xom
Yredelemnul
Zin
The Shining One
Lugonu


Innate Abilities, Weirdness & Mutations

You can bottle blood from corpses.
You have razor-sharp teeth.*
You have supernaturally acute eyesight.
You can survive without breathing.*


Message History

Casting: Dazzling Spray
Confirm with . or Enter, or press ? or * to list all spells.
You don't have enough magic to cast that spell.
Unknown command.
You hit the orc but do no damage.
The orc is severely wounded.
The orc closely misses you. The orc hits you with a mace.
* * * LOW HITPOINT WARNING * * *
Unknown command.
Drink which item? (? for menu, Esc to quit)
You feel better. The orc hits you with a trident.
* * * LOW HITPOINT WARNING * * *
The orc hits you but does no damage.
You hit the orc.
You kill the orc!
Dithmenos accepts your kill. The orc barely misses you.
You hit the orc but do no damage. You hit the orc but do no damage.
The orc hits you with a mace!
You die...

###....############
# #....##_##_# #
####o#8....# .
#.###..## #.#_....#
#.###..###
#.#_%....#
#.###..###
#.##@)..#
#.###o.###
#.#⌠.))._#
#.##8..8##
#......## ########


You could see an orc.

Vanquished Creatures
  Menkaure (D:5)
  An ogre (D:4)
  2 black bears
  A necrophage (D:6)
  3 sky beasts
  Sigmund (D:4)
  2 giant frogs (D:6)
  A scorpion (D:7)
  A crimson imp (D:5)
  A jelly (D:5)
  A two-headed ogre zombie (D:7)
  An orc priest (D:4)
  3 orc wizards
  4 worker ants (D:4)
  An ogre skeleton (D:4)
  A big kobold skeleton (D:5)
  A hound zombie (D:6)
  Terence (D:2)
  12 adders
  7 gnolls
  A shadow imp (D:5)
  A giant mite (D:4)
  3 worms
  2 giant geckos
  21 orcs
  4 ball pythons (D:1)
  11 bats
  A bat skeleton (D:4)
  5 giant cockroaches
  12 goblins
  8 hobgoblins
  8 jackals
  10 kobolds
  2 oozes (D:4)
  3 quokkas
  2 giant newts (D:2)
  A giant spore (D:7)
  2 kobold skeletons (D:5)
  An orc skeleton (D:4)
  9 rats
153 creatures vanquished.

Vanquished Creatures (others)
  A hobgoblin (D:7)
1 creature vanquished.

Grand Total: 154 creatures vanquished

Notes
Turn   | Place    | Note
--------------------------------------------------------------
     0 | D:1      | Amnesiac, the Vampire Enchanter, began the quest for the Orb.
     0 | D:1      | Reached XP level 1. HP: 13/13 MP: 3/3
   185 | D:1      | Reached skill level 5 in Stealth
   529 | D:1      | Reached XP level 2. HP: 19/19 MP: 4/4
   607 | D:1      | Learned a level 2 spell: Ensorcelled Hibernation
   912 | D:1      | Reached skill level 6 in Stealth
  1147 | D:4      | Reached XP level 3. HP: 6/24 MP: 0/6
  1152 | D:4      | Learned a level 3 spell: Dazzling Spray
  1243 | D:4      | Found a bloodstained altar of Trog.
  1783 | D:4      | Reached skill level 7 in Stealth
  2043 | D:4      | Reached skill level 8 in Stealth
  2043 | D:4      | Reached XP level 4. HP: 27/30 MP: 3/7
  2245 | D:4      | Reached XP level 5. HP: 30/35 MP: 6/9
  2292 | D:4      | Reached skill level 9 in Stealth
  2349 | D:4      | Noticed an ogre
  2364 | D:4      | Killed an ogre
  2364 | D:4      | Reached skill level 10 in Stealth
  2364 | D:4      | Reached XP level 6. HP: 41/41 MP: 1/10
  2580 | D:4      | Noticed Sigmund
  2588 | D:4      | Killed Sigmund
  2588 | D:4      | Reached skill level 11 in Stealth
  2873 | D:5      | Entered Level 5 of the Dungeon
  2964 | D:5      | Noticed Menkaure
  3101 | D:6      | Reached skill level 12 in Stealth
  3101 | D:6      | Reached XP level 7. HP: 46/46 MP: 12/12
  3151 | D:6      | Reached skill level 13 in Stealth
  3949 | D:5      | Killed Menkaure
  3949 | D:5      | Reached skill level 14 in Stealth
  3949 | D:5      | Reached XP level 8. HP: 50/52 MP: 13/13
  3998 | D:5      | Found a glowing silver altar of Zin.
  3998 | D:5      | Found a white marble altar of Elyvilon.
  3998 | D:5      | Found a glowing golden altar of the Shining One.
  4193 | D:6      | Reached skill level 15 in Stealth
  4198 | D:6      | Learned a level 3 spell: Confuse
  4597 | D:7      | Found a staircase to the Ecumenical Temple.
  4606 | Temple   | Entered the Ecumenical Temple
  5028 | D:2      | Noticed Terence
  5035 | D:2      | Killed Terence
  5924 | D:3      | Reached skill level 16 in Stealth
  6203 | D:7      | Found a deep blue altar of Sif Muna.
  6208 | D:7      | Found a stormy altar of Qazlal.
  6209 | D:7      | Found a shadowy altar of Dithmenos.
  6209 | D:7      | Found a burning altar of Makhleb.
  6211 | D:7      | Found a shimmering altar of Xom.
  6223 | D:7      | Became a worshipper of Dithmenos the Shadowed
  6482 | D:7      | Slain by an orc

Action                   |  1- 3 |  4- 6 |  7- 9 || total
-------------------------+-------+-------+-------++-------
Melee: Dagger            |   122 |    85 |   236 ||   443
       Unarmed           |       |       |    12 ||    12
 Cast: Corona            |     2 |       |       ||     2
       Ensorcelled Hiber |    13 |    11 |    26 ||    50
       Dazzling Spray    |     1 |     3 |     8 ||    12
       Confuse           |       |       |     5 ||     5
 Abil: Bottle Blood      |       |     3 |    12 ||    15
       End Transformatio |       |       |     2 ||     2
       Bat Form          |       |       |     2 ||     2
Evoke: Wand              |       |     1 |       ||     1
  Use: Scroll            |     3 |     3 |       ||     6
       Potion            |       |       |     6 ||     6
 Stab: Sleeping          |    16 |    19 |    48 ||    83
       Invisible         |     1 |     3 |     5 ||     9
       Distracted        |       |       |     2 ||     2
       Confused          |       |       |     2 ||     2
